| TOP OF THE 1ST |
|
Dallas-Fort Worth Rangers batting - Pitching for Arkansas Travelers : LHP Curt Young
|
|
Pitching: LHP Curt Young
|
|
|
Batting: RHB Phil Bradley
|
0-0: Swinging Strike 0-1: Ground out 1-3 (Groundball, 13, EV 66.3 MPH)
|
|
Batting: LHB Stan Levi
|
0-0: Ball 1-0: Ball 2-0: Ball 3-0: Base on Balls
|
|
Batting: RHB Terry Lee
|
0-0: Called Strike 0-1: Fielders Choice at 2nd, 6-4 (Groundball, 6, EV 107.5 MPH)
|
|
Batting: RHB Dave Aponte
|
0-0: Ball 1-0: Foul Ball, location: 2F 1-1: Foul Ball, location: 2F 1-2: Ball 2-2: SINGLE (Groundball, 56S, EV 61.9 MPH) (infield hit) Terry Lee to second
|
|
Batting: LHB Mo Ching
|
0-0: Ball 1-0: Ball 2-0: Fly out, F5 (Flyball, 5D, EV 80.0 MPH)
|
| Top of the 1st over - 0 runs, 1 hit, 0 errors, 2 left on base; Dallas-Fort Worth 0 - Arkansas 0 |
| BOTTOM OF THE 1ST |
|
Arkansas Travelers batting - Pitching for Dallas-Fort Worth Rangers : RHP Billy Hawley
|
|
Pitching: RHP Billy Hawley
|
|
|
Batting: RHB Nehames Bernstine
|
0-0: Called Strike 0-1: Ball 1-1: Foul Ball, location: 2F 1-2: Ball 2-2: Foul Ball, location: 2F 2-2: Strikes out swinging
|
|
Batting: RHB Denny Gonzalez
|
0-0: Called Strike 0-1: Ball 1-1: SINGLE (Groundball, 34D, EV 97.5 MPH)
|
|
Batting: LHB Dave Magadan
|
0-0: Called Strike 0-1: Ball 1-1: Swinging Strike 1-2: Ball 2-2: Foul Ball, location: 2F 2-2: Ball 3-2: Foul Ball, location: 2F 3-2: Base on Balls Denny Gonzalez to second
|
|
Batting: SHB Bobby Bonilla
|
0-0: Called Strike 0-1: Ball Dave Magadan is caught stealing 2nd base 2-6 Denny Gonzalez steals 3rd base 1-1: Ball 2-1: Swinging Strike 2-2: Strikes out swinging
|
| Bottom of the 1st over - 0 runs, 1 hit, 0 errors, 1 left on base; Dallas-Fort Worth 0 - Arkansas 0 |
| TOP OF THE 2ND |
|
Dallas-Fort Worth Rangers batting - Pitching for Arkansas Travelers : LHP Curt Young
|
|
Batting: RHB Jesse Plummer
|
0-0: Foul Ball, location: 2F 0-1: Foul Ball, location: 2F 0-2: Ball 1-2: Ball 2-2: Ball 3-2: Fly out, F7 (Flyball, 78S, EV 85.6 MPH)
|
|
Batting: RHB Steve Nicosia
|
0-0: Ball 1-0: Ball 2-0: Foul Ball, location: 2F 2-1: Ground out U3 (Groundball, 3L, EV 83.8 MPH)
|
|
Batting: LHB Garcia Gutierrez
|
0-0: Called Strike 0-1: Ball 1-1: Ball 2-1: Ground out 5-3 (Groundball, 56S, EV 85.0 MPH)
|
| Top of the 2nd over - 0 runs, 0 hits, 0 errors, 0 left on base; Dallas-Fort Worth 0 - Arkansas 0 |
| BOTTOM OF THE 2ND |
|
Arkansas Travelers batting - Pitching for Dallas-Fort Worth Rangers : RHP Billy Hawley
|
|
Batting: RHB Kevin Seitzer
|
0-0: Ball 1-0: Ball 2-0: Ball 3-0: Called Strike 3-1: Called Strike 3-2: Base on Balls
|
|
Batting: SHB Bob Meacham
|
0-0: Swinging Strike 0-1: SINGLE (Line Drive, 4MD, EV 93.8 MPH) Kevin Seitzer to second Runner from 2nd tries for 3rd, SAFE, no throw by CF
|
|
Batting: LHB Jesus Marinez
|
0-0: Ball 1-0: Foul Ball, location: 2F 1-1: Ball 2-1: Fly out, F8 (Flyball, 8LD, EV 101.3 MPH) Runner from 3rd tags up, SCORES, throw by CF
|
|
Batting: RHB Rob Deer
|
0-0: Called Strike 0-1: SINGLE (Flyball, 6MD, EV 93.1 MPH) Bob Meacham to second
|
|
Batting: RHB Alex Duarte
|
0-0: Ball 1-0: Foul Ball, location: 2F 1-1: Fly out, F3 (Popup, 3F, EV 66.3 MPH)
|
|
Batting: RHB Nehames Bernstine
|
0-0: Called Strike 0-1: Swinging Strike 0-2: Fly out, F7 (Flyball, 7S, EV 93.1 MPH)
|
| Bottom of the 2nd over - 1 run, 2 hits, 0 errors, 2 left on base; Dallas-Fort Worth 0 - Arkansas 1 |
| TOP OF THE 3RD |
|
Dallas-Fort Worth Rangers batting - Pitching for Arkansas Travelers : LHP Curt Young
|
|
Batting: RHB Ross Jones
|
0-0: Called Strike 0-1: Ball 1-1: Foul Ball, location: 2F 1-2: Strikes out swinging
|
|
Batting: RHB Phil Bradley
|
0-0: Called Strike 0-1: Ball 1-1: Foul Ball, location: 2F 1-2: SINGLE (Groundball, 6S, EV 74.4 MPH) (infield hit)
|
|
Batting: LHB Stan Levi
|
0-0: Ball 1-0: Called Strike Phil Bradley steals 2nd base (no throw) 1-1: Ground out 4-3 (Groundball, 4, EV 106.9 MPH) Phil Bradley to third
|
|
Batting: RHB Terry Lee
|
0-0: Ball 1-0: Ball 2-0: Called Strike 2-1: Swinging Strike 2-2: Strikes out swinging
|
| Top of the 3rd over - 0 runs, 1 hit, 0 errors, 1 left on base; Dallas-Fort Worth 0 - Arkansas 1 |
| BOTTOM OF THE 3RD |
|
Arkansas Travelers batting - Pitching for Dallas-Fort Worth Rangers : RHP Billy Hawley
|
|
Batting: RHB Denny Gonzalez
|
0-0: Called Strike 0-1: Ball 1-1: Ball 2-1: Ball 3-1: Swinging Strike 3-2: Strikes out swinging
|
|
Batting: LHB Dave Magadan
|
0-0: Ball 1-0: Ball 2-0: Ball 3-0: Base on Balls
|
|
Batting: SHB Bobby Bonilla
|
0-0: Ball 1-0: Ball 2-0: Ball 3-0: Called Strike 3-1: Foul Ball, location: 2F 3-2: Foul Ball, location: 2F 3-2: Foul Ball, location: 2F 3-2: Base on Balls Dave Magadan to second
|
|
Batting: RHB Kevin Seitzer
|
0-0: Swinging Strike 0-1: Ball 1-1: Fly out, F5 (Popup, 56S, EV 77.5 MPH)
|
|
Batting: SHB Bob Meacham
|
0-0: Ball 1-0: Foul Ball, location: 2F 1-1: Swinging Strike 1-2: Ball 2-2: Ball 3-2: Ground out U3 (Groundball, 3S, EV 80.0 MPH)
|
| Bottom of the 3rd over - 0 runs, 0 hits, 0 errors, 2 left on base; Dallas-Fort Worth 0 - Arkansas 1 |
| TOP OF THE 4TH |
|
Dallas-Fort Worth Rangers batting - Pitching for Arkansas Travelers : LHP Curt Young
|
|
Batting: RHB Dave Aponte
|
0-0: Ball 1-0: Ball 2-0: Ball 3-0: Base on Balls
|
|
Batting: LHB Mo Ching
|
0-0: Ball 1-0: Ball 2-0: Ball 3-0: Base on Balls Dave Aponte to second
|
|
Batting: RHB Jesse Plummer
|
0-0: Foul Ball, location: 2F 0-1: Ball 1-1: Ball 2-1: Ball 3-1: Base on Balls Dave Aponte to third Mo Ching to second
|
|
Batting: RHB Steve Nicosia
|
0-0: Called Strike 0-1: Grounds into double play, 6-4-3 (Groundball, 6, EV 99.4 MPH) Dave Aponte scores Mo Ching to third
|
|
Batting: LHB Garcia Gutierrez
|
0-0: Called Strike 0-1: Foul Ball, location: 2F 0-2: Strikes out looking
|
| Top of the 4th over - 1 run, 0 hits, 0 errors, 1 left on base; Dallas-Fort Worth 1 - Arkansas 1 |
| BOTTOM OF THE 4TH |
|
Arkansas Travelers batting - Pitching for Dallas-Fort Worth Rangers : RHP Billy Hawley
|
|
Batting: LHB Jesus Marinez
|
0-0: Ball 1-0: Called Strike 1-1: Ball 2-1: DOUBLE (Flyball, 8LD, EV 102.5 MPH)
|
|
Batting: RHB Rob Deer
|
0-0: Ball 1-0: Swinging Strike 1-1: Foul Ball, location: 2F 1-2: Ball 2-2: Foul Ball, location: 2F 2-2: Strikes out looking
|
|
Batting: RHB Alex Duarte
|
0-0: Ball 1-0: Called Strike 1-1: Called Strike 1-2: Foul Ball, location: 2F 1-2: Foul Ball, location: 2F 1-2: Ball 2-2: Foul Ball, location: 2F 2-2: Ground out 6-3 (Groundball, 56, EV 103.8 MPH)
|
|
Batting: RHB Nehames Bernstine
|
0-0: Called Strike 0-1: Fly out, F8 (Flyball, 8LS, EV 76.9 MPH)
|
| Bottom of the 4th over - 0 runs, 1 hit, 0 errors, 1 left on base; Dallas-Fort Worth 1 - Arkansas 1 |
| TOP OF THE 5TH |
|
Dallas-Fort Worth Rangers batting - Pitching for Arkansas Travelers : LHP Curt Young
|
|
Batting: RHB Ross Jones
|
0-0: Foul Ball, location: 2F 0-1: Swinging Strike 0-2: Strikes out swinging
|
|
Batting: RHB Phil Bradley
|
0-0: Ball 1-0: Ball 2-0: SINGLE (Line Drive, 7LS, EV 90.6 MPH)
|
|
Batting: LHB Stan Levi
|
0-0: Ball 1-0: Called Strike 1-1: Fly out, F9 (Flyball, 9S, EV 73.8 MPH)
|
|
Batting: RHB Terry Lee
|
0-0: Foul Ball, location: 2F 0-1: Ball 1-1: SINGLE (Groundball, 5S, EV 68.8 MPH) (infield hit) Phil Bradley to second
|
|
Batting: RHB Dave Aponte
|
0-0: Fielders Choice at 2nd, 6-4 (Groundball, 6, EV 92.5 MPH)
|
| Top of the 5th over - 0 runs, 2 hits, 0 errors, 2 left on base; Dallas-Fort Worth 1 - Arkansas 1 |
| BOTTOM OF THE 5TH |
|
Arkansas Travelers batting - Pitching for Dallas-Fort Worth Rangers : RHP Billy Hawley
|
|
Batting: RHB Denny Gonzalez
|
0-0: Ball 1-0: Called Strike 1-1: Foul Ball, location: 2F 1-2: Ball 2-2: Strikes out looking
|
|
Batting: LHB Dave Magadan
|
0-0: Ball 1-0: Ball 2-0: Called Strike 2-1: Fly out, F9 (Flyball, 9D, EV 92.5 MPH)
|
|
Batting: SHB Bobby Bonilla
|
0-0: Called Strike 0-1: Ball 1-1: Foul Ball, location: 2F 1-2: SINGLE (Line Drive, 8RS, EV 87.5 MPH)
|
|
Batting: RHB Kevin Seitzer
|
0-0: Called Strike 0-1: Swinging Strike 0-2: Ball 1-2: Ball 2-2: Foul Ball, location: 2F 2-2: 2-RUN HOME RUN (Flyball, 78XD, EV 98.8 MPH), Distance : 456 ft
|
|
Batting: SHB Bob Meacham
|
0-0: Called Strike 0-1: Ball 1-1: Called Strike 1-2: Strikes out swinging
|
| Bottom of the 5th over - 2 runs, 2 hits, 0 errors, 0 left on base; Dallas-Fort Worth 1 - Arkansas 3 |
| TOP OF THE 6TH |
|
Dallas-Fort Worth Rangers batting - Pitching for Arkansas Travelers : LHP Curt Young
|
|
Batting: LHB Mo Ching
|
0-0: Called Strike 0-1: Ball 1-1: Ball 2-1: Reached on error, E5 (Groundball, 56, EV 103.1 MPH)
|
|
Batting: RHB Jesse Plummer
|
0-0: Ball 1-0: Ball 2-0: Swinging Strike 2-1: Ball 3-1: Foul Ball, location: 2F 3-2: Foul Ball, location: 2F 3-2: Base on Balls Mo Ching to second
|
|
Batting: RHB Steve Nicosia
|
0-0: Ball 1-0: Fly out, F3 (Popup, 3F, EV 71.9 MPH)
|
|
Batting: LHB Garcia Gutierrez
|
0-0: Called Strike 0-1: Ball 1-1: Foul Ball, location: 2F 1-2: Foul Ball, location: 2F 1-2: Ball 2-2: Ball 3-2: Base on Balls Mo Ching to third Jesse Plummer to second
|
|
Batting: RHB Ross Jones
|
0-0: Ball 1-0: Grounds into double play, 4-2-3 (Groundball, 4, EV 80.0 MPH)
|
| Top of the 6th over - 0 runs, 0 hits, 1 error, 2 left on base; Dallas-Fort Worth 1 - Arkansas 3 |
| BOTTOM OF THE 6TH |
|
Arkansas Travelers batting - Pitching for Dallas-Fort Worth Rangers : RHP Billy Hawley
|
|
Batting: LHB Jesus Marinez
|
0-0: Ball 1-0: Called Strike 1-1: Swinging Strike 1-2: Foul Ball, location: 2F 1-2: Strikes out looking
|
|
Batting: RHB Rob Deer
|
0-0: Ball 1-0: Ground out 4-3 (Groundball, 4, EV 80.0 MPH)
|
|
Batting: RHB Alex Duarte
|
0-0: Called Strike 0-1: Swinging Strike 0-2: Foul Ball, location: 2F 0-2: Strikes out swinging
|
| Bottom of the 6th over - 0 runs, 0 hits, 0 errors, 0 left on base; Dallas-Fort Worth 1 - Arkansas 3 |
| TOP OF THE 7TH |
|
Dallas-Fort Worth Rangers batting - Pitching for Arkansas Travelers : LHP Curt Young
|
|
Batting: RHB Phil Bradley
|
0-0: Ball 1-0: Called Strike 1-1: Ground out 4-3 (Groundball, 34, EV 101.9 MPH)
|
|
Batting: LHB Stan Levi
|
0-0: Foul Ball, location: 2F 0-1: Called Strike 0-2: Ball 1-2: TRIPLE (Flyball, 78XD, EV 111.3 MPH)
|
|
Batting: RHB Terry Lee
|
0-0: Ball 1-0: Called Strike 1-1: Called Strike 1-2: Ball 2-2: Ball 3-2: SINGLE (Line Drive, 7S, EV 94.4 MPH) Stan Levi scores
|
|
Batting: RHB Dave Aponte
|
0-0: Swinging Strike 0-1: Foul Ball, location: 2F 0-2: Ball 1-2: TRIPLE (Flyball, 3D, EV 97.5 MPH) Terry Lee scores
|
|
Batting: LHB Mo Ching
|
0-0: Ball 1-0: Foul Ball, location: 2F 1-1: Ball 2-1: Foul Ball, location: 2F 2-2: Strikes out swinging
|
|
Batting: RHB Jesse Plummer
|
0-0: Called Strike 0-1: Ball 1-1: Foul Ball, location: 2F 1-2: Strikes out swinging
|
| Top of the 7th over - 2 runs, 3 hits, 0 errors, 1 left on base; Dallas-Fort Worth 3 - Arkansas 3 |
| BOTTOM OF THE 7TH |
|
Arkansas Travelers batting - Pitching for Dallas-Fort Worth Rangers : RHP Billy Hawley
|
|
Batting: RHB Nehames Bernstine
|
0-0: Ball 1-0: Swinging Strike 1-1: Ground out 4-3 (Groundball, 4, EV 81.3 MPH)
|
|
Batting: RHB Denny Gonzalez
|
0-0: Ball 1-0: Called Strike 1-1: Called Strike 1-2: Fly out, F8 (Flyball, 8LD, EV 97.5 MPH)
|
|
Batting: LHB Dave Magadan
|
0-0: Called Strike 0-1: Called Strike 0-2: Ball 1-2: Ball 2-2: Foul Ball, location: 2F 2-2: Strikes out looking
|
| Bottom of the 7th over - 0 runs, 0 hits, 0 errors, 0 left on base; Dallas-Fort Worth 3 - Arkansas 3 |
| TOP OF THE 8TH |
|
Dallas-Fort Worth Rangers batting - Pitching for Arkansas Travelers : LHP Curt Young
|
|
Batting: RHB Steve Nicosia
|
0-0: Ball 1-0: Ball 2-0: Fly out, F7 (Flyball, 7S, EV 78.1 MPH)
|
|
Batting: LHB Garcia Gutierrez
|
0-0: Ball 1-0: Ground out 5-3 (Groundball, 56, EV 93.1 MPH)
|
|
Batting: RHB Ross Jones
|
0-0: Ball 1-0: Ball 2-0: Ball 3-0: Base on Balls
|
|
Batting: RHB Phil Bradley
|
0-0: Ball 1-0: Foul Ball, location: 2F 1-1: Fly out, F8 (Flyball, 8RM, EV 81.9 MPH)
|
| Top of the 8th over - 0 runs, 0 hits, 0 errors, 1 left on base; Dallas-Fort Worth 3 - Arkansas 3 |
| BOTTOM OF THE 8TH |
|
Arkansas Travelers batting - Pitching for Dallas-Fort Worth Rangers : RHP Billy Hawley
|
|
Pitching: RHP Tom McGough
|
|
|
Batting: SHB Bobby Bonilla
|
0-0: Ball 1-0: Called Strike 1-1: Ball 2-1: Ball 3-1: Base on Balls
|
|
Pinch Runner at 1st Rex Hudler:
|
|
|
Batting: RHB Kevin Seitzer
|
0-0: Ball 1-0: Fly out, F8 (Flyball, 89D, EV 102.5 MPH)
|
|
Batting: SHB Bob Meacham
|
0-0: Ball 1-0: Foul Ball, location: 2F 1-1: Fielders Choice at 2nd, 5-4 (Groundball, 56, EV 82.5 MPH)
|
|
Batting: LHB Jesus Marinez
|
0-0: Called Strike 0-1: Ball 1-1: Ball 2-1: Called Strike 2-2: Ball 3-2: Strikes out looking
|
| Bottom of the 8th over - 0 runs, 0 hits, 0 errors, 1 left on base; Dallas-Fort Worth 3 - Arkansas 3 |
| TOP OF THE 9TH |
|
Dallas-Fort Worth Rangers batting - Pitching for Arkansas Travelers : LHP Curt Young
|
|
Pitching: LHP Claude Brodeur
|
|
|
Now at C: Robin Clink
|
|
|
Batting: LHB Stan Levi
|
0-0: Ball 1-0: Called Strike 1-1: Called Strike 1-2: Foul Ball, location: 2F 1-2: Ball 2-2: Strikes out looking
|
|
Batting: RHB Terry Lee
|
0-0: Foul Ball, location: 2F 0-1: Ball 1-1: Fly out, F9 (Flyball, 9, EV 95.6 MPH)
|
|
Batting: RHB Dave Aponte
|
0-0: Ball 1-0: Swinging Strike 1-1: Ball 2-1: Called Strike 2-2: Strikes out swinging
|
| Top of the 9th over - 0 runs, 0 hits, 0 errors, 0 left on base; Dallas-Fort Worth 3 - Arkansas 3 |
| BOTTOM OF THE 9TH |
|
Arkansas Travelers batting - Pitching for Dallas-Fort Worth Rangers : RHP Tom McGough
|
|
Pitching: RHP Luis Cardenas
|
|
|
Pinch Hitting: LHB Phil Stephenson
|
0-0: Ball 1-0: Called Strike 1-1: Ball 2-1: Swinging Strike 2-2: Foul Ball, location: 2F 2-2: Ball 3-2: Foul Ball, location: 2F 3-2: Fly out, F9 (Flyball, 89S, EV 78.1 MPH)
|
|
Pinch Hitting: LHB Terry Byrum
|
0-0: Ball 1-0: Called Strike 1-1: Ball 2-1: SINGLE (Groundball, 34D, EV 99.4 MPH)
|
|
Batting: RHB Nehames Bernstine
|
0-0: Ball 1-0: Fielders Choice at 2nd, 6-4 (Groundball, 6, EV 102.5 MPH)
|
|
Batting: RHB Denny Gonzalez
|
0-0: Ball 1-0: Foul Ball, location: 2F 1-1: Ball 2-1: Swinging Strike 2-2: Strikes out swinging
|
| Bottom of the 9th over - 0 runs, 1 hit, 0 errors, 1 left on base; Dallas-Fort Worth 3 - Arkansas 3 |
| TOP OF THE 10TH |
|
Dallas-Fort Worth Rangers batting - Pitching for Arkansas Travelers : LHP Claude Brodeur
|
|
Now in LF: Michael Strawberry
|
|
|
Now in CF: Phil Stephenson
|
|
|
Batting: RHB Eric Hyatt
|
0-0: Called Strike 0-1: Ground out 4-3 (Groundball, 4, EV 105.0 MPH)
|
|
Batting: RHB Jesse Plummer
|
0-0: Called Strike 0-1: Foul Ball, location: 2F 0-2: Fly out, F8 (Flyball, 8LS, EV 88.1 MPH)
|
|
Batting: RHB Steve Nicosia
|
0-0: Ball 1-0: Fly out, F9 (Flyball, 9, EV 95.0 MPH)
|
| Top of the 10th over - 0 runs, 0 hits, 0 errors, 0 left on base; Dallas-Fort Worth 3 - Arkansas 3 |
| BOTTOM OF THE 10TH |
|
Arkansas Travelers batting - Pitching for Dallas-Fort Worth Rangers : RHP Luis Cardenas
|
|
Batting: LHB Dave Magadan
|
0-0: Ball 1-0: Called Strike 1-1: Called Strike 1-2: Foul Ball, location: 2F 1-2: Ground out U3 (Groundball, 3, EV 104.4 MPH)
|
|
Pinch Hitting: RHB Kenneth Foster
|
0-0: Ball 1-0: Ball 2-0: Called Strike 2-1: Foul Ball, location: 2F 2-2: Ball 3-2: Fly out, F2 (Popup, 2LF, EV 90.0 MPH)
|
|
Batting: RHB Kevin Seitzer
|
0-0: Called Strike 0-1: Foul Ball, location: 2F 0-2: Fly out, F8 (Flyball, 8RS, EV 81.9 MPH)
|
| Bottom of the 10th over - 0 runs, 0 hits, 0 errors, 0 left on base; Dallas-Fort Worth 3 - Arkansas 3 |
| TOP OF THE 11TH |
|
Dallas-Fort Worth Rangers batting - Pitching for Arkansas Travelers : LHP Claude Brodeur
|
|
Now at C: Chris Henry
|
|
|
Pinch Hitting: RHB Richard Dziemiela
|
0-0: Ball 1-0: Fly out, F8 (Line Drive, 8LM, EV 86.3 MPH)
|
|
Batting: RHB Ross Jones
|
0-0: Foul Ball, location: 2F 0-1: Hit by Pitch
|
|
Batting: RHB Phil Bradley
|
0-0: Hit by Pitch Ross Jones to second
|
|
Batting: LHB Stan Levi
|
0-0: Ball 1-0: Ball 2-0: Ball 3-0: Called Strike 3-1: Base on Balls Ross Jones to third Phil Bradley to second
|
|
Batting: RHB Terry Lee
|
0-0: Called Strike 0-1: Foul Ball, location: 2F 0-2: Strikes out swinging
|
|
Batting: RHB Dave Aponte
|
0-0: Swinging Strike 0-1: Swinging Strike 0-2: Ball 1-2: Foul Ball, location: 2F 1-2: Strikes out swinging wild pitch, reaches first! Ross Jones scores Phil Bradley to third Stan Levi to second
|
|
Batting: RHB Eric Hyatt
|
0-0: Ball 1-0: Foul Ball, location: 2F 1-1: Ball 2-1: Ground out 4-3 (Groundball, 4, EV 86.9 MPH)
|
| Top of the 11th over - 1 run, 0 hits, 0 errors, 3 left on base; Dallas-Fort Worth 4 - Arkansas 3 |
| BOTTOM OF THE 11TH |
|
Arkansas Travelers batting - Pitching for Dallas-Fort Worth Rangers : RHP Luis Cardenas
|
|
Now at SS: Alex Zermeno
|
|
|
Batting: SHB Bob Meacham
|
0-0: Ball 1-0: Ball 2-0: Ground out 4-3 (Groundball, 4, EV 80.6 MPH)
|
|
Batting: LHB Jesus Marinez
|
0-0: Foul Ball, location: 2F 0-1: Ball 1-1: Ground out 4-3 (Groundball, 34, EV 78.1 MPH)
|
|
Batting: LHB Phil Stephenson
|
0-0: Ball 1-0: Ball 2-0: Ball 3-0: Called Strike 3-1: SOLO HOME RUN (Flyball, 7LD, EV 105.0 MPH), Distance : 355 ft
|
|
Batting: RHB Michael Strawberry
|
0-0: Called Strike 0-1: Ball 1-1: Ball 2-1: Ball 3-1: Swinging Strike 3-2: Foul Ball, location: 2F 3-2: Fly out, F7 (Flyball, 7LM, EV 101.3 MPH)
|
| Bottom of the 11th over - 1 run, 1 hit, 0 errors, 0 left on base; Dallas-Fort Worth 4 - Arkansas 4 |
| TOP OF THE 12TH |
|
Dallas-Fort Worth Rangers batting - Pitching for Arkansas Travelers : LHP Claude Brodeur
|
|
Pitching: LHP Jeff Schneider
|
|
|
Batting: RHB Jesse Plummer
|
0-0: Called Strike 0-1: Foul Ball, location: 2F 0-2: Ball 1-2: Ball 2-2: Ball 3-2: Foul Ball, location: 2F 3-2: Strikes out swinging
|
|
Batting: RHB Steve Nicosia
|
0-0: Ground out 4-3 (Groundball, 4, EV 79.4 MPH)
|
|
Batting: RHB Alex Zermeno
|
0-0: Ball 1-0: Ground out 5-3 (Groundball, 56, EV 107.5 MPH)
|
| Top of the 12th over - 0 runs, 0 hits, 0 errors, 0 left on base; Dallas-Fort Worth 4 - Arkansas 4 |
| BOTTOM OF THE 12TH |
|
Arkansas Travelers batting - Pitching for Dallas-Fort Worth Rangers : RHP Luis Cardenas
|
|
Batting: RHB Nehames Bernstine
|
0-0: Foul Ball, location: 2F 0-1: Ball 1-1: Fly out, F8 (Flyball, 8RS, EV 96.3 MPH)
|
|
Batting: RHB Denny Gonzalez
|
0-0: Fly out, F5 (Popup, 5F, EV 58.8 MPH)
|
|
Batting: LHB Dave Magadan
|
0-0: Foul Ball, location: 2F 0-1: Swinging Strike 0-2: Foul Ball, location: 2F 0-2: Ground out 4-3 (Groundball, 34D, EV 101.3 MPH)
|
| Bottom of the 12th over - 0 runs, 0 hits, 0 errors, 0 left on base; Dallas-Fort Worth 4 - Arkansas 4 |
| TOP OF THE 13TH |
|
Dallas-Fort Worth Rangers batting - Pitching for Arkansas Travelers : LHP Jeff Schneider
|
|
Batting: RHB Ross Jones
|
0-0: Called Strike 0-1: Called Strike 0-2: Strikes out looking
|
|
Batting: RHB Phil Bradley
|
0-0: Ball 1-0: Ball 2-0: Ball 3-0: Base on Balls
|
|
Batting: LHB Stan Levi
|
0-0: Foul Ball, location: 2F 0-1: Ground out 6-3 (Groundball, 6S, EV 63.8 MPH) Phil Bradley to second
|
|
Batting: RHB Terry Lee
|
0-0: Foul Ball, location: 2F 0-1: Ground out 5-3 (Groundball, 5L, EV 80.0 MPH)
|
| Top of the 13th over - 0 runs, 0 hits, 0 errors, 1 left on base; Dallas-Fort Worth 4 - Arkansas 4 |
| BOTTOM OF THE 13TH |
|
Arkansas Travelers batting - Pitching for Dallas-Fort Worth Rangers : RHP Luis Cardenas
|
|
Batting: LHB Chris Henry
|
0-0: Called Strike 0-1: Foul Ball, location: 2F 0-2: Ball 1-2: Ground out 6-3 (Groundball, 6, EV 101.9 MPH)
|
|
Batting: RHB Kevin Seitzer
|
0-0: Ball 1-0: Ball 2-0: Ground out U3 (Groundball, 3, EV 92.5 MPH)
|
|
Batting: SHB Bob Meacham
|
0-0: Called Strike 0-1: Ball 1-1: Foul Ball, location: 2F 1-2: Ball 2-2: Strikes out looking
|
| Bottom of the 13th over - 0 runs, 0 hits, 0 errors, 0 left on base; Dallas-Fort Worth 4 - Arkansas 4 |
| TOP OF THE 14TH |
|
Dallas-Fort Worth Rangers batting - Pitching for Arkansas Travelers : LHP Jeff Schneider
|
|
Batting: RHB Dave Aponte
|
0-0: Foul Ball, location: 2F 0-1: Foul Ball, location: 2F 0-2: Ball 1-2: Ball 2-2: Strikes out swinging
|
|
Batting: RHB Eric Hyatt
|
0-0: Foul Ball, location: 2F 0-1: Ball 1-1: Foul Ball, location: 2F 1-2: Ground out 5-3 (Groundball, 5S, EV 83.8 MPH)
|
|
Batting: RHB Jesse Plummer
|
0-0: SINGLE (Flyball, 56D, EV 90.6 MPH)
|
|
Batting: RHB Steve Nicosia
|
0-0: Called Strike 0-1: Ground out 6-3 (Groundball, 6S, EV 63.1 MPH)
|
| Top of the 14th over - 0 runs, 1 hit, 0 errors, 1 left on base; Dallas-Fort Worth 4 - Arkansas 4 |
| BOTTOM OF THE 14TH |
|
Arkansas Travelers batting - Pitching for Dallas-Fort Worth Rangers : RHP Luis Cardenas
|
|
Pitching: RHP Randy McGilberry
|
|
|
Batting: LHB Jesus Marinez
|
0-0: Ball 1-0: Called Strike 1-1: Fly out, F9 (Flyball, 9LS, EV 86.9 MPH)
|
|
Batting: LHB Phil Stephenson
|
0-0: Ball 1-0: Foul Ball, location: 2F 1-1: Ball 2-1: Called Strike 2-2: Fly out, F8 (Flyball, 8LD, EV 106.3 MPH)
|
|
Batting: RHB Michael Strawberry
|
0-0: Called Strike 0-1: Foul Ball, location: 2F 0-2: Ball 1-2: Strikes out looking
|
| Bottom of the 14th over - 0 runs, 0 hits, 0 errors, 0 left on base; Dallas-Fort Worth 4 - Arkansas 4 |
| TOP OF THE 15TH |
|
Dallas-Fort Worth Rangers batting - Pitching for Arkansas Travelers : LHP Jeff Schneider
|
|
Batting: RHB Alex Zermeno
|
0-0: Called Strike 0-1: Swinging Strike 0-2: Strikes out swinging
|
|
Batting: RHB Ross Jones
|
0-0: Ball 1-0: Ball 2-0: Ball 3-0: Called Strike 3-1: Foul Ball, location: 2F 3-2: Foul Ball, location: 2F 3-2: Base on Balls
|
|
Batting: RHB Phil Bradley
|
0-0: Ball 1-0: Ball 2-0: Ball 3-0: Base on Balls Ross Jones to second
|
|
Batting: LHB Stan Levi
|
0-0: Called Strike 0-1: Ball 1-1: Ball 2-1: Ball 3-1: Base on Balls Ross Jones to third Phil Bradley to second
|
|
Pitching: RHP Donald Brazell
|
|
|
Batting: RHB Terry Lee
|
0-0: Foul Ball, location: 2F 0-1: Foul Ball, location: 2F 0-2: Ball 1-2: GRAND SLAM HOME RUN (Flyball, 7D, EV 95.0 MPH), Distance : 356 ft
|
|
Batting: RHB Dave Aponte
|
0-0: Ball 1-0: Called Strike 1-1: Called Strike 1-2: Strikes out swinging
|
|
Batting: RHB Eric Hyatt
|
0-0: Ball 1-0: Foul Ball, location: 2F 1-1: Fly out, F5 (Popup, 25F, EV 86.3 MPH)
|
| Top of the 15th over - 4 runs, 1 hit, 0 errors, 0 left on base; Dallas-Fort Worth 8 - Arkansas 4 |
| BOTTOM OF THE 15TH |
|
Arkansas Travelers batting - Pitching for Dallas-Fort Worth Rangers : RHP Randy McGilberry
|
|
Batting: RHB Nehames Bernstine
|
0-0: Called Strike 0-1: Foul Ball, location: 2F 0-2: Strikes out looking
|
|
Batting: RHB Denny Gonzalez
|
0-0: Ball 1-0: Ground out 5-3 (Groundball, 56S, EV 65.6 MPH)
|
|
Batting: LHB Dave Magadan
|
0-0: Ball 1-0: Called Strike 1-1: Ground out U3 (Groundball, 34, EV 88.1 MPH)
|
| Bottom of the 15th over - 0 runs, 0 hits, 0 errors, 0 left on base; Dallas-Fort Worth 8 - Arkansas 4 |
|